 Dungeon Crawl Stone Soup version 0.31-a0-1074-g0b22e4e0f1 (webtiles) character file.

Game seed: 5416013902498881933

201 bmb222 the Ruffian (level 5, -1/33 HPs)
             Began as an Octopode Shapeshifter on Nov 28, 2023.
             Slain by an orc
             ... wielding a +0 flail
              (7 damage)
             ... on level 3 of the Dungeon.
             The game lasted 00:03:21 (2944 turns).

bmb222 the Ruffian (Octopode Shapeshifter)          Turns: 2944, Time: 00:03:22

Health: -1/33      AC:  1    Str: 15    XL:     5   Next: 79%
Magic:  5/5        EV: 13    Int: 13    God:
Gold:   97         SH:  0    Dex: 11    Spells: 4/4 levels left

rFire   . .          .
                       - Unarmed
rCold   . . .        (no shield)
rNeg    . . .        (helmet currently unavailable)
rPois   .            (no amulet)
rElec   .            (no ring)
rCorr   .            (no ring)
SInv    .            (no ring)
Will    .....        (no ring)
Stlth   +++          (no ring)
HPRegen 0.25/turn    (no ring)
MPRegen 0.09/turn    (no ring)
                     (no ring)

%: no passive effects
@: beast-form
A: beast (slay +2), almost no armour, amphibious, 8 rings, camouflage 1,
gelatinous body 1, (nimble swimmer 1), tentacles
a: Begin Untransformation


You were on level 3 of the Dungeon.
You were a hulking beast.
You visited 1 branch of the dungeon, and saw 3 of its levels.

You collected 97 gold pieces.

Inventory:

Missiles
 j - 8 poisoned darts
Jewellery
 d - an amulet of faith
 n - a ring of wizardry
Talismans
 b - a beast talisman
 c - a flux talisman
Scrolls
 e - a scroll of enchant armour
Potions
 a - 3 potions of lignification
 f - a potion of heal wounds
 g - a potion of curing {unknown}
 i - a potion of ambrosia {unknown}
 l - a potion of resistance {unknown}
 p - a potion of cancellation {unknown}


   Skills:
 * Level 1.1 Fighting
 + Level 2.4 Dodging
 * Level 3.3 Stealth
 * Level 4.9 Unarmed Combat
 + Level 3.6 Shapeshifting


You had 4 spell levels left.
You didn't know any spells.
Your spell library contained the following spells:

 Spells                   Type           Power      Damage    Failure   Level
 Magic Dart               Conj           0%         1d3       30%         1
 Call Imp                 Summ           0%         N/A       43%         2
 Ensorcelled Hibernation  Hex/Ice        0%         N/A       43%         2
 Jinxbite                 Hex            0%         N/A       43%         2
 Mephitic Cloud           Conj/Pois/Air  0%         N/A       67%         3
 Anguish                  Hex/Necr       0%         N/A       97%         4


Dungeon Overview and Level Annotations

Branches:
Dungeon (3/15)

Altars:
Okawaru

Annotations:
D:3 2 transporters, Jessica; nmoody145's ghost, amateur HOFi


Innate Abilities, Weirdness & Mutations

You are a hulking beast.
Your limbs bulge with bestial killing power. (Slay +2)
You cannot wear most types of armour.
You are amphibious.
You can wear up to eight rings at the same time.
Your skin changes colour to match your surroundings (Stealth+).
Your rubbery body absorbs attacks. (AC +1, EV +1)
((You are camouflaged when in or above water. (Stealth+)))
You have tentacles for arms and can constrict up to eight enemies at once.


Message History

Done waiting.
You start waiting.
An orc is nearby!
An orc is nearby!
An orc is nearby!
An orc is nearby!
There is an open door here.
The orc barely misses you.
You tentacle-slap the orc. You grab the orc.
The orc is almost dead.
You constrict the orc.
You kill the orc!
No target in view!
No target in view!
There is an open door here.
An orc comes into view. It is wielding a +0 flail.
The orc shouts!
You hear a shout!
An orc is nearby!
An orc is nearby!
An orc is nearby!
An orc is nearby!
A worm, an orc and an orc priest come into view.
An orc comes into view. It is wielding a +0 club.
A frilled lizard comes into view.
Found an amethyst potion.
The orc shouts!
The orc shouts!
You hear an angry hiss.
The orc priest mumbles some strange prayers to Beogh against you.
Beogh smites you! The orc attacks as it pursues you!
The orc closely misses you.
There is an open door here.
The orc attacks as it pursues you! The orc barely misses you.
You see here a +0 war axe.
The orc attacks as it pursues you! The orc hits you with a +0 flail!
Things that are here:
a +0 dagger; a +0 robe The orc attacks as it pursues you!
The orc hits you with a +0 flail!
* * * LOW HITPOINT WARNING * * *
The orc attacks as it pursues you! The orc hits you with a +0 flail!
You die...

***+***** *,,,,,,,* *,,,,,,,*
*......,* *,,,,,>,* *......,*
#....,,,* *###***......,********
.....,,,* *...,,+......,,,,,,,,,
....#*****###.####....,,,********
..oo',,,,,,.........,,,,,,,,,,,,,
....#**######.###.###+#######****
....# #.......oh.....#.....#
...o####w....)###.#####.###.#
...oo..'....).+........># #.#
...l####......#########.# #.#####
##### ##........# #.# #......
#........######<######### ###
#).......+............... ..#
#........######.#########
..#######........#####..#


You could see an orc.

Vanquished Creatures
  A bullfrog (D:3)
  An orc priest (D:3)
  An orc wizard (D:3)
  4 dart slugs
  10 orcs (D:3)
  5 endoplasms
  A giant cockroach (D:3)
  5 goblins
  5 hobgoblins
  3 jackals (D:1)
  6 kobolds
  2 quokkas (D:1)
  5 ball pythons
  6 bats
  3 frilled lizards
  7 rats
65 creatures vanquished.

Notes
Turn   | Place    | Note
-------+----------+-------------------------------------------
     0 | D:1      | bmb222 the Octopode Shapeshifter began the quest for the
                  | Orb.
     0 | D:1      | Reached XP level 1. HP: 13/13 MP: 1/1
    37 | D:1      | Reached skill level 1 in Stealth
    51 | D:1      | Reached XP level 2. HP: 18/18 MP: 2/2
   310 | D:1      | Reached XP level 3. HP: 17/23 MP: 3/3
   480 | D:1      | You fall into a shaft and drop 1 floor!
   642 | D:2      | Found a faded altar of an unknown god.
  1221 | D:3      | Found a transporter.
  1223 | D:3      | Noticed nmoody145's ghost (amateur HOFi)
  1229 | D:3      | Found a transporter.
  1298 | D:3      | Reached XP level 4. HP: 21/28 MP: 4/4
  1368 | D:3      | Reached skill level 4 in Unarmed Combat
  1477 | D:3      | Identified the +5 halberd of Putrescence {venom, rPois}
  1599 | D:3      | Noticed a bullfrog
  1609 | D:3      | Killed a bullfrog
  1610 | D:3      | Reached XP level 5. HP: 17/33 MP: 5/5
  1684 | D:3      | Found an iron altar of Okawaru.
  1712 | D:3      | Noticed Jessica
  2944 | D:3      | Slain by an orc

Illustrated notes

Levels and vault maps discovered:
D:1:      dpeg_arrival_windows_large_door, layout_loops_ring,
          serial_bayou_pond_c
D:2:      layout_rooms, ebering_ecumenical_altar_mist
D:3:      layout_basic, mainiacjoe_overflow_concentric_impassable,
          gammafunk_ghost_gnarly_gnolls, uniq_jessica

Skill      XL: |  1  2  3  4 |
---------------+-------------+-----
Stealth        | 1 2 3 |  3.3
Unarmed Combat | 4 |  4.9
Fighting       | |  1.1
Dodging        | |  2.4
Shapeshifting  | |  3.6

Action                     |  1- 3 |  4- 6 || total
---------------------------+-------+-------++-------
  Melee: Unarmed           |    90 |    39 ||   129
         Constrict         |    23 |    14 ||    37
         Tentacles         |    15 |     7 ||    22
         Punch             |     3 |     1 ||     4
    Use: Scroll            |       |     6 ||     6
   Stab: Sleeping          |     4 |       ||     4
 Armour: Skin              |    21 |    19 ||    40
  Dodge: Dodged            |    36 |    27 ||    63

Table legend: (Time is in decaauts)
 A = Elapsed time spent in this place.
 B = Non-inter-level travel time spent in this place.
 C = Inter-level travel time spent in this place.
 D = Time resting spent in this place.
 E = Time spent auto-exploring this place.
 F = Levels seen in this place.
 G = Mean time per level.
                   A        B        C        D        E       F      G
               +--------+--------+--------+--------+--------+-----+--------+
         Total |   2935 |   2876 |     59 |   1229 |   1224 |   3 |  978.3 |
       Dungeon |   2935 |   2876 |     59 |   1229 |   1224 |   3 |  978.3 |
               +--------+--------+--------+--------+--------+-----+--------+

Top non-repeatable levels by time:
     D:3: 1730 daAuts
     D:1: 730 daAuts
     D:2: 474 daAuts
